AoeStats
← Dieu Tan

Arabia

510110262Analyzed
1v1 RM · 21h ago on Sep 29, 2026· 42m 33s· 2 players
Game mode
Random Map
Map size
Tiny (2 player)
Population
200
Speed
Normal
Resources
Standard
Victory
Conquest
Starting age
Dark Age
Ending age
Imperial Age
RankedLock teamsTeams togetherTeam positionsShared explorationLock speedFull tech treeHidden civsTurbo modeCheats
Victory
Defeat
🇨🇳 Vietnamese · China
1642
+16
🇺🇸 Byzantines · United States
1634
-16
Dieu Tan
6:22 Loom
8:48 Feudal Age
11:33 Double-Bit Axe
16:30 Wheelbarrow
17:06 Wheelbarrow
20:30 Castle Age
18:39 Fletching
18:50 Padded Archer Armor
21:26 Bodkin Arrow
22:35 Bow Saw
25:14 Leather Archer Armor
25:13 Elite Skirmisher
28:43 Scale Barding Armor
28:49 Forging
28:30 Horse Collar
29:17 Heavy Plow
33:50 Husbandry
38:36 Imperial Age
37:07 Chain Barding Armor
37:21 Ballistics
38:01 Hand Cart
39:25 Bracer
41:35 Plate Barding Armor
40:21 Cavalier
曾瑞瘦龙
5:33 Loom
8:56 Feudal Age
9:21 Man-at-Arms
12:22 Double-Bit Axe
20:43 Castle Age
19:09 Horse Collar
20:25 Fletching
20:45 Gold Mining
21:54 Wheelbarrow
21:37 Bow Saw
20:50 Crossbowman
21:36 Bodkin Arrow
22:41 Heavy Plow
29:21 Wheelbarrow
29:09 Ballistics
32:47 Hand Cart
32:45 Husbandry
35:29 Imperial Age
33:08 Town Watch
33:54 Padded Archer Armor
34:01 Scale Barding Armor
34:30 Stone Mining
34:51 Elite Skirmisher
35:37 Thumb Ring
36:09 Bloodlines
36:18 Bracer
37:20 Chemistry
37:15 Stone Shaft Mining
37:38 Hand Cart
37:41 Leather Archer Armor
37:56 Light Cavalry
39:00 Chain Barding Armor
38:57 Arbalester
41:08 Plate Barding Armor
41:41 Ring Archer Armor
Connection lost

Rejoining the realm…

Still unreachable

The connection could not be restored.

Session expired

The server has moved on; the page needs a fresh start.